 Dungeon Crawl Stone Soup version 0.26-a0-466-g989023bd0d (webtiles) character file.

Game seed: 3041397595632583098

272581 DeltaSign the Hoplite (level 19, -5/277 HPs)
             Began as a Minotaur Berserker on July 29, 2020.
             Was the Champion of Trog.
             Slain by a 12-headed hydra (9 damage)
             ... on level 3 of the Elven Halls.
             The game lasted 01:41:04 (40863 turns).

DeltaSign the Hoplite (Minotaur Berserker)         Turns: 40863, Time: 01:41:05

Health: -5/277     AC: 34    Str: 24    XL:     19   Next: 48%
Magic:  18/18      EV: 14    Int:  8    God:    Trog [******]
Gold:   2821       SH: 37    Dex: 16    Spells: 18/18 levels left

rFire    + + .     SeeInvis .   F - +8 broad axe (elec)
rCold    . . .     Faith    .   e - +8 tower shield
rNeg     . . .     Spirit   .   c - +7 plate armour of the Mantidfly {rPois rF+ Int+4}
rPois    +         Reflect  +   (helmet restricted)
rElec    .         Harm     .   m - +2 cloak {MR+}
rCorr    .                      s - +0 pair of gloves
MR       ++...                  y - +2 pair of boots
Stlth    ..........             E - amulet of reflection
HPRegen  0.56/turn              P - ring of protection from fire
MPRegen  0.16/turn              i - ring of poison resistance

@: berserking, very quick
A: retaliatory headbutt, horns 2, blurry vision 1
}: 2/15 runes: decaying, gossamer
a: Berserk, Trog's Hand, Brothers in Arms, Renounce Religion


You were on level 3 of the Elven Halls.
You worshipped Trog.
Trog was exalted by your worship.
You visited 6 branches of the dungeon, and saw 34 of its levels.
You also visited: Ice Cave.

You collected 3958 gold pieces.
You spent 1137 gold pieces at shops.

Inventory:

Hand Weapons
 w - a +5 vorpal broad axe
 F - a +8 broad axe of electrocution (weapon)
Armour
 c - the +7 plate armour of the Mantidfly (worn) {rPois rF+ Int+4}
   (You bought it in a shop on level 7 of the Dungeon)

   It affects your intelligence (+4).
   It protects you from fire.
   It protects you from poison.
 e - a +8 tower shield (worn)
 m - a +2 cloak of magic resistance (worn)
 s - a +0 pair of gloves (worn)
 y - a +2 pair of boots (worn)
Jewellery
 i - a ring of poison resistance (right hand)
 x - an uncursed ring of ice
 E - an amulet of reflection (around neck)
 P - a ring of protection from fire (left hand)
Wands
 a - a wand of disintegration (60)
 o - a wand of acid (33)
 q - a wand of flame (37)
 v - a wand of polymorph (17)
 C - a wand of random effects (37)
 I - a wand of iceblast (8)
 M - a wand of clouds (16)
 O - a wand of paralysis (25)
 T - a wand of digging (13)
Scrolls
 b - 2 scrolls of torment
 d - 15 scrolls of teleportation
 f - 14 scrolls of remove curse
 g - 4 scrolls of vulnerability
 h - 4 scrolls of blinking
 l - 10 scrolls of magic mapping
 p - a scroll of fear
 B - 10 scrolls of fog
 D - 4 scrolls of identify
 J - 3 scrolls of immolation
 N - a scroll of silence
 Q - 2 scrolls of enchant armour
 R - a scroll of acquirement
Potions
 j - 4 potions of stabbing
 k - 8 potions of haste
 n - 12 potions of curing
 r - 6 potions of flight
 t - 3 potions of ambrosia
 u - 6 potions of lignification
 z - 4 potions of mutation
 A - a potion of magic
 G - 5 potions of resistance
 H - 3 potions of invisibility
 L - 2 potions of cancellation
 S - 4 potions of might


   Skills:
 * Level 20.1 Fighting
 - Level 18.0 Axes
 + Level 17.1 Armour
 + Level 12.1 Dodging
 * Level 22.1 Shields


You had 18 spell levels left.
You didn't know any spells.
Your spell library was empty.

Dungeon Overview and Level Annotations

Branches:
Dungeon (15/15)            Temple (0/1) D:6            Lair (6/6) D:8
  Swamp (4/4) Lair:2       Spider (4/4) Lair:3        Slime (0/5) Lair:5
    Orc (2/2) D:11            Elf (3/3) Orc:2        Vaults (0/5) D:14
 Depths (0/5) D:15          IceCv (visited)

Altars:
Dithmenos
Elyvilon
Fedhas
Makhleb
Uskayaw
Vehumet
Xom
Zin
Beogh

Shops:
D:7 [   D:9 *   D:10 *   Orc:1 }   Orc:2 (*[:

Portals:
Trove: D:14 (give 12 potions of heal wounds)

Annotations:
D:2 exclusion: oklob plant
Lair:3 exclusion: oklob plant


Innate Abilities, Weirdness & Mutations

You reflexively headbutt those who attack you in melee.
You have a pair of horns on your head.
Scrolls take you a little longer to read.


Message History

The 18-headed hydra bites you!
* * * LOW HITPOINT WARNING * * *
The 18-headed hydra bites you but does no damage.
The 18-headed hydra closely misses you.
The 18-headed hydra bites you but does no damage. x4
You block the 18-headed hydra's attack.
The 18-headed hydra bites you but does no damage. x3
You block the 18-headed hydra's attack.
The 12-headed hydra bites you but does no damage.
The 12-headed hydra closely misses you. You block the 12-headed hydra's attack.
The 12-headed hydra bites you but does no damage. x3
The 12-headed hydra bites you.
* * * LOW HITPOINT WARNING * * *
The 12-headed hydra bites you but does no damage.
The 12-headed hydra bites you.
* * * LOW HITPOINT WARNING * * *
The 12-headed hydra bites you.
* * * LOW HITPOINT WARNING * * *
The 12-headed hydra bites you!
You die...

##...#....(
#.........# #
##'...#....# #D###
##.#...####..
...... #####
##.###### ##.
.....'###...####.##
###
.....#†)......#'##
##.. ###.).).DH).†#
##..[
##...).hD@=..#
#.... #......DD...#
#.).. #...........+
+.... #........<..#
#.... #...........#
#.... #...........#
##... ###.......+##
##.. ###...### +##


You could see a fire dragon, a 18-headed hydra, a 12-headed hydra, a nine-headed
hydra, a manticore and a hell hound.

Vanquished Creatures
  Saint Roka (Orc:2)
  Nikola (Swamp:2)
  Arachne (Spider:4)
  Jorgrun (Swamp:2)
  A deep elf blademaster (Elf:2)
  2 sphinxes (Elf:3)
  Frances (Spider:2)
  Kirke (D:15)
  A thorn hunter (Swamp:4)
  Roxanne (Swamp:4)
  3 ghost moths (Spider:4)
  A deep elf elementalist (Elf:1)
  An orc warlord (Orc:2)
  2 emperor scorpions (Spider:4)
  2 very ugly things (IceCv)
  4 entropy weavers
  The ghost of Roliac the Slinger, a journeyman HaHu of Okawaru (Lair:6)
  3 deep elf demonologists
  2 deep elf annihilators
  2 spark wasps (Spider:4)
  A deep elf death mage (Elf:3)
  Josephine (D:15)
  A yaktaur captain (D:15)
  3 fire dragons
  4 vault guards (D:14)
  26 hydras
  Fannar (Orc:1)
  4 shambling mangroves
  A ghost crab (Swamp:4)
  10 alligators
  A catoblepas (Lair:5)
  A centaur warrior (D:15)
  A queen ant (Spider:2)
  A death knight (D:15)
  28 dancing weapons
  3 death yaks (Lair:4)
  3 two-headed ogres
  A tengu warrior (D:13)
  A small abomination (Elf:3)
  22 deep elf knights
  Sonja (Orc:2)
  2 orc high priests
  2 fire crabs (Swamp:4)
  A sixfirhy (D:7)
  3 unseen horrors
  A large abomination (Elf:3)
  2 spriggan druids (Swamp:3)
  7 swamp dragons
  2 spectral hydras (Lair:6)
  13 deep elf archers
  A harpy (Elf:3)
  A lindwurm (Swamp:4)
  Pikel (D:9)
  A necromancer (Swamp:4)
  14 orb spiders
  4 orc sorcerers
  23 ugly things
  6 orc knights
  59 deep elf magi
  A manticore (shapeshifter) (D:13)
  20 wolf spiders
  3 cyclopes
  3 manticores
  2 centaur zombies
  2 moths of wrath (Spider:4)
  13 black mambas
  A guardian serpent (Lair:6)
  7 ice statues
  An elephant (Lair:3)
  6 torpor snails
  3 gargoyles
  A rime drake (Lair:4)
  30 cane toads
  9 komodo dragons
  2 kobold demonologists
  A swamp worm zombie (Swamp:4)
  An efreet (D:15)
  A yaktaur (D:15)
  2 tengu conjurers
  An anaconda simulacrum (IceCv)
  7 demonic crawlers
  A queen bee (D:15)
  3 polar bears
  10 tyrant leeches
  27 jumping spiders
  3 meliai (D:15)
  8 trolls
  29 hornets
  17 blink frogs
  4 bog bodies
  9 slime creatures
  11 hippogriffs
  2 spectral black mambas (Lair:6)
  2 water elementals
  7 spriggans
  6 wraiths
  67 redbacks
  40 yaks
  2 dire elephant simulacra (IceCv)
  27 tarantellas
  10 wyverns
  A vampire (D:11)
  A fire elemental (Elf:2)
  6 shadows
  2 tyrant leech zombies (Swamp:4)
  4 basilisks
  Grum (D:8)
  A hog (D:15)
  4 steam dragons (Swamp:4)
  A spectral fire crab (Lair:6)
  17 vampire mosquitoes
  Menkaure (D:7)
  22 soldier ants (Spider:2)
  An acid dragon (D:14)
  19 water moccasins
  4 iron troll simulacra (IceCv)
  3 wargs
  7 insubstantial wisps
  16 swamp worms
  2 hydra simulacra
  3 hell hounds (Elf:3)
  13 porcupines
  10 ice beasts
  13 swamp drakes
  2 hornet zombies (Swamp:4)
  2 eyes of draining
  36 orc warriors
  4 sky beasts
  An ettin simulacrum (IceCv)
  5 phantoms
  3 black bears
  6 wolves
  2 necrophages
  16 ogres
  13 centaurs
  3 big kobolds
  16 crocodiles
  Blork the orc (Orc:2)
  A komodo dragon zombie (Swamp:4)
  2 earth elementals (Elf:2)
  20 bullfrogs
  A wyvern zombie (D:11)
  A water moccasin zombie (Swamp:4)
  3 scorpions
  16 wights
  24 killer bees
  9 electric eels
  2 howler monkeys
  A bullfrog zombie (D:8)
  9 hounds
  3 centaur skeletons
  23 orc priests
  2 bullfrog skeletons
  7 jellies
  29 worker ants
  2 iguanas
  27 orc wizards
  A crocodile zombie (Swamp:4)
  5 hound skeletons
  2 worker ant zombies
  16 adders
  A howler monkey skeleton (D:7)
  2 shadow imps
  3 white imps
  An ufetubus (D:5)
  3 oozes
  2 adder zombies (D:5)
  6 worms
  5 dart slugs
  11 leopard geckos
  82 orcs
  A ball python (D:6)
  6 giant cockroaches
  10 goblins
  9 hobgoblins
  7 jackals
  22 kobolds
  6 quokkas
  8 bats
  7 frilled lizards
  2 leopard gecko skeletons (D:5)
  A quokka skeleton (D:9)
  4 rats
  A crawling corpse (Elf:3)
  4 fungi
  6 plants
1370 creatures vanquished.

Vanquished Creatures (others)
  A very ugly thing (Swamp:4)
  A hydra (Swamp:4)
  A deep elf knight (Elf:1)
  A swamp dragon (Swamp:2)
  A demonic crawler (Spider:4)
  A bog body (Swamp:2)
  A shadow (D:15)
  4 humans (D:15)
  A steam dragon (Swamp:4)
  A soldier ant (Spider:2)
  A swamp worm (Swamp:4)
  A swamp drake (Swamp:4)
  A big kobold (D:14)
  An orc priest (D:15)
  4 kobolds
  34 fungi
  20 plants
75 creatures vanquished.

Grand Total: 1445 creatures vanquished

Notes
Turn   | Place    | Note
-------+----------+-------------------------------------------
     0 | D:1      | DeltaSign the Minotaur Berserker began the quest for the
                  | Orb.
     0 | D:1      | Reached XP level 1. HP: 19/19 MP: 0/0
     6 | D:1      | Noticed a komodo dragon
     6 | D:1      | Noticed a black bear
     6 | D:1      | Noticed a wolf
     7 | D:1      | Noticed a black mamba
    67 | D:1      | HP: 1/30 [hobgoblin/+0 club (2)]
   500 | D:1      | Reached XP level 2. HP: 27/27 MP: 1/1
  1506 | D:2      | Found a blossoming altar of Fedhas.
  1519 | D:2      | Noticed an oklob plant
  1598 | D:2      | Reached XP level 3. HP: 33/33 MP: 2/2
  1614 | D:2      | Reached ** piety under Trog
  2088 | D:2      | Reached XP level 4. HP: 40/40 MP: 3/3
  3075 | D:3      | Reached skill level 5 in Axes
  3209 | D:3      | Reached XP level 5. HP: 47/47 MP: 4/4
  3824 | D:3      | Reached *** piety under Trog
  4169 | D:4      | Reached XP level 6. HP: 50/55 MP: 5/5
  4243 | D:4      | Found a shimmering altar of Xom.
  4243 | D:4      | Found a glowing silver altar of Zin.
  4243 | D:4      | Noticed an angel
  4285 | D:4      | Reached skill level 5 in Fighting
  4520 | D:5      | Entered Level 5 of the Dungeon
  4606 | D:5      | Reached skill level 1 in Shields
  4616 | D:5      | Found a hide-covered altar of Uskayaw.
  4622 | D:5      | Found a blossoming altar of Fedhas.
  4622 | D:5      | Found a shadowy altar of Dithmenos.
  4625 | D:5      | Found a radiant altar of Vehumet.
  4681 | D:5      | Reached XP level 7. HP: 61/61 MP: 6/6
  4775 | D:5      | Reached skill level 2 in Shields
  4862 | D:5      | Reached skill level 5 in Armour
  5015 | D:5      | Found a shadowy altar of Dithmenos.
  5051 | D:5      | Reached **** piety under Trog
  5425 | D:6      | Found a staircase to the Ecumenical Temple.
  5437 | D:6      | Reached skill level 3 in Shields
  5437 | D:6      | Reached XP level 8. HP: 66/70 MP: 7/7
  5786 | D:6      | Reached skill level 5 in Dodging
  6410 | D:7      | Found a runed translucent door.
  6410 | D:7      | Noticed a sixfirhy
  6436 | D:7      | Reached skill level 4 in Shields
  6447 | D:7      | Found Ismol's Antique Armour Shoppe.
  6458 | D:7      | Bought a tower shield for 117 gold pieces
  6502 | D:7      | Reached XP level 9. HP: 43/78 MP: 8/8
  6868 | D:7      | Reached skill level 5 in Shields
  7098 | D:7      | Noticed Menkaure
  7104 | D:7      | Killed Menkaure
  7554 | D:7      | Killed a sixfirhy
  7554 | D:7      | Reached skill level 10 in Axes
  7554 | D:7      | Reached skill level 6 in Shields
  7647 | D:8      | Reached skill level 7 in Shields
  7728 | D:8      | Reached ***** piety under Trog
  7834 | D:8      | Reached XP level 10. HP: 69/88 MP: 9/9
  7870 | D:8      | Noticed a two-headed ogre
  7879 | D:8      | Killed a two-headed ogre
  7879 | D:8      | Reached skill level 8 in Shields
  7890 | D:8      | Found a staircase to the Lair.
  8022 | D:8      | Noticed Grum
  8045 | D:8      | Killed Grum
  8132 | D:8      | Reached skill level 9 in Shields
  8382 | D:9      | Found Fexieck's Assorted Antiques.
  8487 | D:9      | Noticed Pikel
  8500 | D:9      | Killed Pikel
  9132 | D:10     | Entered Level 10 of the Dungeon
  9143 | D:10     | Reached XP level 11. HP: 83/97 MP: 10/10
  9143 | D:10     | Noticed a two-headed ogre
  9153 | D:10     | Killed a two-headed ogre
  9153 | D:10     | Reached skill level 10 in Shields
  9230 | D:10     | Found Ihulin's Assorted Antiques.
 10219 | D:11     | Noticed a six-headed hydra
 10230 | D:11     | Killed an 11-headed hydra
 10274 | D:11     | Received a gift from Trog
 10303 | D:11     | Reached skill level 11 in Shields
 10711 | D:11     | Reached skill level 10 in Fighting
 10913 | D:11     | Found a staircase to the Orcish Mines.
 10979 | D:11     | Noticed a white ugly thing
 10987 | D:11     | Killed a white ugly thing
 11608 | D:12     | Reached skill level 10 in Armour
 11719 | D:12     | Noticed a deep elf mage
 11720 | D:12     | Noticed a two-headed ogre
 11723 | D:12     | Killed a deep elf mage
 11723 | D:12     | Reached XP level 12. HP: 107/107 MP: 11/11
 11732 | D:12     | Killed a two-headed ogre
 11860 | D:12     | Reached skill level 12 in Shields
 12146 | Lair:1   | Entered Level 1 of the Lair of Beasts
 12193 | Lair:1   | Received a gift from Trog
 12934 | Lair:2   | Noticed a six-headed hydra
 12942 | Lair:2   | Killed a nine-headed hydra
 12987 | Lair:2   | Found a staircase to the Swamp.
 13721 | Lair:3   | Noticed a seven-headed hydra
 13725 | Lair:3   | Reached skill level 13 in Shields
 13735 | Lair:3   | Killed an 11-headed hydra
 13963 | Lair:3   | Reached ****** piety under Trog
 14109 | Lair:3   | Noticed a six-headed hydra
 14116 | Lair:3   | Killed a nine-headed hydra
 14116 | Lair:3   | Reached skill level 15 in Axes
 14220 | Lair:3   | Found a hole to the Spider Nest.
 14512 | Lair:4   | Reached XP level 13. HP: 105/116 MP: 12/12
 15009 | Lair:4   | Reached skill level 14 in Shields
 15145 | Lair:4   | Received a gift from Trog
 15785 | Lair:5   | Found a staircase to the Slime Pits.
 16828 | Lair:6   | Entered Level 6 of the Lair of Beasts
 17314 | Lair:6   | Reached skill level 15 in Shields
 17760 | Lair:6   | Reached XP level 14. HP: 113/127 MP: 13/13
 17770 | Lair:6   | Received a gift from Trog
 18251 | Lair:6   | Found a runed translucent gate.
 18251 | Lair:6   | Found a runed translucent gate.
 18251 | Lair:6   | Found a runed translucent gate.
 18251 | Lair:6   | Noticed Roliac's ghost (journeyman HaHu)
 18566 | Lair:6   | Killed Roliac's ghost
 18796 | D:13     | Found a white marble altar of Elyvilon.
 19849 | D:14     | Reached skill level 16 in Shields
 20348 | D:14     | Received a gift from Trog
 20535 | D:14     | Found a gate to the Vaults.
 20704 | D:14     | Found a portal to a secret trove of treasure.
 20772 | D:15     | Entered Level 15 of the Dungeon
 20915 | D:15     | Reached XP level 15. HP: 120/136 MP: 14/14
 21663 | D:15     | Noticed Kirke
 21674 | D:15     | Killed Kirke
 21674 | D:15     | Reached skill level 17 in Shields
 21688 | D:15     | Noticed Josephine
 21700 | D:15     | Killed Josephine
 21700 | D:15     | Received a gift from Trog
 22413 | D:15     | Found a staircase to the Depths.
 22911 | Orc:1    | Entered Level 1 of the Orcish Mines
 22922 | Orc:1    | Noticed Sonja
 22958 | Orc:1    | Paralysed by an orc sorcerer for 2 turns
 23356 | Orc:1    | Found Tuan Oda's Gadget Shoppe.
 23654 | Orc:1    | Found Tuan Oda's Gadget Shoppe.
 23809 | Orc:2    | Entered Level 2 of the Orcish Mines
 23809 | Orc:2    | Noticed an orc warlord
 23825 | Orc:2    | Killed an orc warlord
 23978 | Orc:2    | Noticed Saint Roka
 24590 | Orc:2    | Killed Saint Roka
 24686 | Orc:2    | Received a gift from Trog
 24713 | Orc:2    | Noticed Blork the orc
 24717 | Orc:2    | Killed Blork the orc
 24737 | Orc:2    | Found a roughly hewn altar of Beogh.
 24853 | Orc:1    | Noticed Fannar
 24862 | Orc:2    | Killed Sonja
 24918 | Orc:1    | Killed Fannar
 25182 | Orc:2    | Found Hetreguf's Book Boutique.
 25237 | Orc:2    | Found Zypne's General Store.
 25329 | Orc:2    | Received a gift from Trog
 25344 | Orc:2    | Found a burning altar of Makhleb.
 25637 | Orc:2    | Found a staircase to the Elven Halls.
 25758 | Orc:2    | Found Aruzukorch's Antique Weapon Boutique.
 25773 | Orc:2    | Found Alask's Antique Armour Boutique.
 25986 | D:7      | Bought a spiked plate armour for 728 gold pieces
 25986 | D:7      | Bought a pair of glowing boots for 195 gold pieces
 26009 | D:7      | Identified the +7 plate armour of the Mantidfly {rPois rF+
                  | Int+4} (You bought it in a shop on level 7 of the Dungeon)
 26105 | Swamp:1  | Entered Level 1 of the Swamp
 26274 | Swamp:1  | Reached skill level 18 in Shields
 26563 | Swamp:1  | Reached skill level 15 in Fighting
 26584 | Swamp:1  | Reached XP level 16. HP: 146/149 MP: 15/15
 27534 | Swamp:2  | You fall into a shaft and drop 1 floor!
 27678 | Swamp:2  | Noticed Jorgrun
 27706 | Swamp:2  | Killed Jorgrun
 28034 | Swamp:2  | Noticed Nikola
 28055 | Swamp:2  | Killed Nikola
 28055 | Swamp:2  | Received a gift from Trog
 29524 | Swamp:4  | Entered Level 4 of the Swamp
 29652 | Swamp:4  | Reached skill level 19 in Shields
 29653 | Swamp:4  | Noticed a thorn hunter
 29666 | Swamp:4  | Killed a thorn hunter
 30290 | Swamp:4  | Reached skill level 15 in Armour
 30293 | Swamp:4  | Received a gift from Trog
 30885 | Swamp:3  | Reached XP level 17. HP: 59/160 MP: 16/16
 31419 | Swamp:4  | Got a decaying rune of Zot
 31589 | Swamp:4  | Identified Roxanne's Disquisition on Transmigration
 31589 | Swamp:4  | Noticed Roxanne
 31882 | Swamp:4  | Killed Roxanne
 32076 | Spider:1 | Entered Level 1 of the Spider Nest
 32255 | Spider:1 | Received a gift from Trog
 32863 | Spider:2 | Reached skill level 20 in Shields
 32920 | Spider:2 | Received a gift from Trog
 33040 | Spider:2 | Reached skill level 10 in Dodging
 33437 | Spider:2 | Noticed Frances
 33445 | Spider:2 | Killed Frances
 33745 | Spider:3 | Found a frozen archway.
 33780 | IceCv    | Entered an ice cave
 33827 | IceCv    | Received a gift from Trog
 35137 | Spider:4 | Entered Level 4 of the Spider Nest
 35147 | Spider:4 | Reached XP level 18. HP: 172/172 MP: 17/17
 35527 | Spider:4 | Received a gift from Trog
 35750 | Spider:4 | Noticed Arachne
 35769 | Spider:4 | Killed Arachne
 36026 | Spider:4 | Reached skill level 21 in Shields
 36144 | Spider:4 | Got a gossamer rune of Zot
 36479 | Orc:2    | Bought a scroll of enchant armour for 97 gold pieces
 36531 | Elf:1    | Entered Level 1 of the Elven Halls
 36916 | Elf:1    | Received a gift from Trog
 38291 | Elf:2    | Received a gift from Trog
 38562 | Elf:2    | Gained mutation: Scrolls take you a little longer to read.
                  | [a neqoxec]
 39109 | Elf:2    | Found a runed translucent gate.
 39109 | Elf:2    | Found a runed translucent gate.
 39110 | Elf:2    | Found a runed translucent gate.
 39229 | Elf:2    | Received a gift from Trog
 39259 | Elf:2    | Reached XP level 19. HP: 166/183 MP: 18/18
 40339 | Elf:3    | Entered Level 3 of the Elven Halls
 40489 | Elf:3    | Reached skill level 22 in Shields
 40517 | Elf:3    | Received a gift from Trog
 40745 | Elf:3    | Identified a scroll of acquirement
 40861 | Elf:3    | HP: 8/185 [nine-headed hydra (6)]
 40863 | Elf:3    | Slain by a 12-headed hydra

Illustrated notes

Levels and vault maps discovered:
D:1:      onia_arrival_zoo_common, layout_basic, minmay_close_crescents
D:2:      layout_loops_cross, tgw_fedhas
D:3:      minmay_door_path, layout_loops_ring
D:4:      layout_rooms, grunt_temple_overflow_order_and_chaos_1
D:5:      kennysheep_spiral_hall, layout_rooms, grunt_temple_overflow_open,
          nicolae_dithmenos_shadow_blocks
D:6:      layout_basic, minmay_temple_entry_offerings, minivault_27,
          hangedman_decor_riveting, hangedman_decor_opposing
D:7:      cheibrodos_shockbox, layout_cave_pods, serial_shops, shop,
          hangedman_minor_gate_pass, uniq_menkaure
D:8:      layout_basic, due_lair_maze_entry_diamond, uniq_grum
D:9:      layout_loops_ring, serial_shops, shop, lightli_corner_chamber,
          uniq_pikel
D:10:     layout_big_octagon, serial_shops, shop
D:11:     layout_irregular_city, erik_orc_2
D:12:     layout_irregular_city
D:13:     layout_loops_ring, elyvilon_altar_5
D:14:     layout_irregular_city, grunt_vaults_entry_fortified, chequers_garden,
          nicolae_trove_entry_crystal, lemuel_nasty_fountain
D:15:     grunt_enter_depths_snipers, layout_loops_ring,
          minmay_misc_feat_enclosed, nicolae_looking_at_the_future,
          uniq_josephine, uniq_kirke
Lair:1:   layout_regular_city, serial_bayou_shore_a
Lair:2:   layout_regular_city, swamp_mist_pool
Lair:3:   layout_loops_ring, dummy_spider_entry, minmay_lair_oklob_chamber,
          infiniplex_staircase_pool, lemuel_fruit_fields, lemuel_fruit_tree,
          grunt_megastairs_2
Lair:4:   layout_regular_city, forest_entry_grove
Lair:5:   cheibrodos_lair_river_kwai, layout_hall_layers,
          nicolae_slime_entry_slimehenge
Lair:6:   hangedman_lair_tendril_chambers, layout_cave_pods,
          gammafunk_ghost_necromancy
Swamp:1:  layout_basic_swamp, evilmike_swamp_ruin_rubble_1
Swamp:2:  layout_basic_swamp, evilmike_swamp_ruin_house_3, uniq_nikola,
          uniq_jorgrun
Swamp:3:  layout_basic_swamp, evilmike_swamp_ruin_house_2
Swamp:4:  swamp_fiery, layout_basic_swamp, nicolae_swamp_necromancer_hut,
          uniq_roxanne
Spider:1: layout_spider_delve, guppyfry_spider_mini_2
Spider:2: layout_spider_delve, drop_trap, minivault_29, uniq_frances
Spider:3: layout_spider_delve, portal_ice_cave_entry_ice_statue_two
Spider:4: spider_rune_water, uniq_arachne
Orc:1:    layout_diamond_mine, serial_shops, shop, uniq_fannar, uniq_sonja
Orc:2:    grunt_orc_cross, layout_caves, bloody_makhleb
Elf:1:    eino_elf_arrival_customs, layout_geoelf_diagonals, evilmike_minifort
Elf:2:    layout_loops_corners, minivault_25_ag, minmay_misc_feat_five
Elf:3:    minmay_elf_hall_circle, layout_geoelf_diagonals, special_room
          [special_room_mythical_zoo], basic_altar, minmay_elf_demonology

Skill      XL: |  1  2  3  4  5  6  7  8  9 10 11 12 13 14 15 16 17 18 19 |
---------------+----------------------------------------------------------+-----
Axes           | 4 5 6 7 9 10 12 13 15 16 17 18 | 18.0
Fighting       | 4 5 6 8 9 10 11 12 13 15 16 18 19 20 | 20.1
Armour         | 3 4 5 6 7 8 10 11 12 13 14 15 16 17 | 17.1
Dodging        | 3 4 5 7 9 10 11 12 | 12.1
Shields        | 1 3 4 7 9 11 13 15 16 18 19 20 21 22 | 22.1

Action                   |  1- 3 |  4- 6 |  7- 9 | 10-12 | 13-15 | 16-18 | 19-21 || total
-------------------------+-------+-------+-------+-------+-------+-------+-------++-------
Melee: Hand axe          |    69 |   143 |       |       |       |       |       ||   212
       Headbutt          |    13 |    31 |    64 |   121 |   284 |   342 |    48 ||   903
       War axe           |       |     3 |   211 |       |       |       |       ||   214
       Broad axe         |       |       |    48 |   484 |  1099 |  1522 |   238 ||  3391
Invok: Berserk           |     1 |       |     1 |     4 |    12 |    11 |     3 ||    32
Evoke: Wand              |       |       |       |    17 |     3 |       |       ||    20
  Use: Scroll            |       |     5 |     2 |     7 |     9 |    32 |     1 ||    56
       Potion            |       |       |       |       |     3 |     3 |     2 ||     8
 Stab: Confused          |       |       |       |       |       |     1 |       ||     1
       Distracted        |       |       |       |       |       |       |     1 ||     1
Armor: Ring mail         |    21 |       |       |       |       |       |       ||    21
       Animal skin       |     4 |       |       |       |       |       |       ||     4
       Plate armour      |     4 |   103 |   130 |   116 |   363 |   568 |   197 ||  1481
Dodge: Dodged            |    49 |    53 |    52 |    73 |   308 |   315 |   142 ||   992
Block: Buckler           |       |    13 |    40 |       |       |       |       ||    53
       Tower shield      |       |       |   145 |   518 |  1296 |  1943 |   353 ||  4255
       Reflection        |       |       |     6 |    37 |    71 |    62 |    16 ||   192

Table legend: (Time is in decaauts)
 A = Elapsed time spent in this place.
 B = Non-inter-level travel time spent in this place.
 C = Inter-level travel time spent in this place.
 D = Time resting spent in this place.
 E = Time spent auto-exploring this place.
 F = Levels seen in this place.
 G = Mean time per level.
                   A        B        C        D        E       F      G
               +--------+--------+--------+--------+--------+-----+--------+
         Total |  40943 |  38512 |   2431 |   9973 |  21749 |  35 | 1169.8 |
       Dungeon |  16723 |  15466 |   1257 |   3139 |   9812 |  15 | 1114.9 |
          Lair |   6768 |   6338 |    430 |    792 |   4663 |   6 | 1128.0 |
         Swamp |   6141 |   5907 |    234 |   2659 |   2125 |   4 | 1535.2 |
   Spider Nest |   3662 |   3471 |    191 |    528 |   2082 |   4 |  915.5 |
  Orcish Mines |   3002 |   2855 |    147 |   1263 |   1142 |   2 | 1501.0 |
   Elven Halls |   4212 |   4042 |    170 |   1367 |   1924 |   3 | 1404.0 |
      Ice Cave |    432 |    432 |      0 |    224 |      0 |   1 |  432.0 |
               +--------+--------+--------+--------+--------+-----+--------+

Top non-repeatable levels by time:
   Elf:2: 2039 daAuts
 Swamp:3: 1967 daAuts
    D:15: 1921 daAuts
   Orc:1: 1822 daAuts
  Lair:6: 1797 daAuts
    D:11: 1703 daAuts
   Elf:1: 1674 daAuts
     D:1: 1460 daAuts
 Swamp:4: 1420 daAuts
     D:7: 1405 daAuts
 Swamp:2: 1385 daAuts
     D:3: 1369 daAuts
 Swamp:1: 1368 daAuts
  Lair:5: 1281 daAuts
    D:14: 1199 daAuts
